 Dungeon Crawl Stone Soup version 0.27-a0-773-gaaee5cf45b (webtiles) character file.

Game seed: 4862769548955818313

17418 Drazool the Fighter (level 12, -1/97 HPs)
             Began as a Demonspawn Gladiator on Mar 25, 2021.
             Was the Champion of Ru.
             Slain by a blink frog (14 damage)
             ... on level 3 of the Lair of Beasts.
             The game lasted 01:00:46 (14940 turns).

Drazool the Fighter (Demonspawn Gladiator)         Turns: 14940, Time: 01:00:46

Health: -1/97      AC: 14    Str: 23    XL:     12   Next: 18%
Magic:  5/18       EV: 30    Int: 10    God:    Ru [******]
Gold:   588        SH:  0    Dex: 23    Spells: 11/19 levels left

rFire    x . .     SeeInvis .   x - +11 plutonium sword {*Contam Stlth-}
rCold    x . .     Faith    .   (shield currently unavailable)
rNeg     . . .     Spirit   .   H - +0 acid dragon scales
rPois    +         Reflect  .   g - +2 hat
rElec    .         Harm     .   (no cloak)
rCorr    +         Rampage  .   m - +0 pair of gloves
Will     .....                  n - +0 pair of boots
Stlth    +.........             c - amulet of the acrobat
HPRegen  0.26/turn              B - +6 ring of strength
MPRegen  0.16/turn              u - +6 ring of dexterity

@: exhausted, unable to drink, acrobatic
A: no potions, antennae 1, slimy green scales 3, powered by death 3, inability
to drink while threatened, weak-willed 1, unskilled 1, temperature sensitive,
demonic magic 1
a: Renounce Religion, Draw Out Power, Power Leap, Apocalypse


You were on level 3 of the Lair of Beasts.
You worshipped Ru.
Ru was exalted by your worship.
You visited 2 branches of the dungeon, and saw 14 of its levels.

You collected 3154 gold pieces.
You spent 2566 gold pieces at shops.

Inventory:

Hand Weapons
 a - a +0 demon blade of flaming
 j - a +0 long sword of freezing
 x - the +11 plutonium sword (weapon) {*Contam Stlth-}
   (You bought it in a shop on level 10 of the Dungeon)

   It causes magical contamination when unequipped.
   It makes you less stealthy.
 A - a +3 vorpal great sword
 J - a +3 triple sword of electrocution
Missiles
 d - a throwing net (quivered)
 l - 3 boomerangs
Armour
 b - a +1 leather armour
 g - a +2 hat (worn)
 m - a +0 pair of gloves (worn)
 n - a +0 pair of boots (worn)
 H - +0 acid dragon scales (worn)
Jewellery
 c - an amulet of the acrobat (around neck)
 i - a ring of willpower
 r - a ring of resist corrosion
 u - a +6 ring of dexterity (left hand)
 z - a ring of ice
 B - a +6 ring of strength (right hand)
 C - a ring of protection from fire
 D - a ring of wizardry
 E - a ring of protection from fire
 F - a ring of poison resistance
Wands
 e - a wand of random effects (53)
 p - a wand of mindburst (15)
 t - a wand of digging (8)
 v - a wand of flame (40)
 w - a wand of iceblast (6)
 G - a wand of paralysis (14)
 L - a wand of polymorph (8)
Scrolls
 k - 4 scrolls of magic mapping
 o - 6 scrolls of amnesia
 y - a scroll of identify
 I - a scroll of fog
Potions
 h - 2 potions of mutation
 q - 2 potions of curing
 s - 4 potions of flight
 K - 2 potions of heal wounds
 M - a potion of invisibility
 N - 2 potions of might {unknown}
 O - a potion of ambrosia {unknown}


   Skills:
 - Level 10.1 Fighting
 - Level 7.1 Long Blades
 - Level 1.5 Throwing
 - Level 5.6 Dodging
 - Level 4.2 Spellcasting
 - Level 6.5 Summonings
 + Level 7.8 Translocations
 - Level 4.5 Evocations


You had 11 spell levels left.
You knew the following spells:

 Your Spells              Type           Power      Damage    Failure   Level
a - Summon Small Mammal   Summ           60%        N/A       2%          1
b - Call Imp              Summ           15%        N/A       3%          2
c - Call Canine Familiar  Summ           15%        N/A       6%          3
d - Blink                 Tloc           N/A        N/A       1%          2

Your spell library contained the following spells:

 Spells                   Type           Power      Damage    Failure   Level
 Summon Guardian Golem    Hex/Summ       8%         N/A       26%         3
 Foxfire                  Conj/Fire      8%         2x1d4     32%         1
 Magic Dart               Conj           8%         1d3       32%         1
 Slow                     Hex            2%         N/A       43%         2
 Summon Ice Beast         Ice/Summ       8%         N/A       63%         4
 Summon Lightning Spire   Summ/Air       8%         N/A       63%         4
 Conjure Flame            Conj/Fire      2%         6-21      67%         3
 Inner Flame              Hex/Fire       2%         N/A       67%         3
 Mephitic Cloud           Conj/Pois/Air  2%         N/A       67%         3
 Sticky Flame             Conj/Fire      2%         2d3       97%         4
 Fireball                 Conj/Fire      1%         3d3       100%        5


Dungeon Overview and Level Annotations

Branches:
Dungeon (11/15)            Temple (0/1) D:4            Lair (3/6) D:11
    Orc (0/2) D:11
  Swamp: Lair:2-4    Shoals: Lair:2-4     Snake: Lair:2-4    Spider: Lair:2-4

Altars:
Dithmenos
Nemelex Xobeh
Ru
Wu Jian
The Shining One
Beogh

Shops:
D:7 ?   D:10 *

Annotations:
D:3 1 runed translucent door, Crazy Yiuf
D:11 1 runed translucent door


Innate Abilities, Weirdness & Mutations

You cannot drink.
You have a pair of small antennae on your head.
You are completely covered in slimy green scales. (AC +4, rPois)
You regenerate a lot of health from kills.
You cannot drink potions while threatened.
You are slightly weak-willed. (Will-)
You are somewhat unskilled. (-1 Apt)
You are sensitive to extremes of temperature. (rF-, rC-)
Spells you cast may paralyse adjacent enemies.


Message History

The blink frog gives a loud, deep croak!
A blink frog comes into view.
The blink frog croaks.
A blink frog comes into view.
The blink frog gives a loud, deep croak!
The blink frog begins to attack, but is stunned by your conviction!
A bullfrog comes into view.
The blink frog blinks!
The blink frog begins to attack, but is stunned by your conviction! x2
Found a scroll labelled IROACU ALITED and a leather armour.
Found a stone staircase leading down.
You closely miss the blink frog.
The bullfrog gives a loud, deep croak!
The blink frog begins to attack, but is stunned by your conviction! x2
The blink frog hits you!
* * * LOW HITPOINT WARNING * * *
The blink frog begins to attack, but is stunned by your conviction!
Unknown command.
Casting: Call Canine Familiar (mildly dangerous; 6% risk of failure)
Confirm with . or Enter, or press ? or * to list all spells.
Malevolent energies surge around you.
The blink frog hits you but does no damage.
The blink frog blinks!
You redirect the blink frog's attack!
The blink frog hits the blink frog!
You cannot drink potions in your current state!
You redirect the blink frog's attack!
The blink frog blinks!
Your hound bites the blink frog.
The blink frog misses you.
You riposte.
You slice the blink frog!!
The blink frog is almost dead.
You redirect the blink frog's attack!
Your hound misses the blink frog. The blink frog completely misses you.
The blink frog is stunned by your conviction and fails to attack.
You redirect the blink frog's attack! x2
The blink frog blinks!
Your hound barely misses the blink frog.
The blink frog blinks!
The blink frog completely misses you.
The blink frog begins to attack, but is stunned by your conviction!
The blink frog hits you!
You die...

.......
#............ .
..... ##............
......
#.............
#............. ###
#............. #.##
#...........##
#..#####....#.##.###
###.hF#.############
.P###..§.F@##
.......F§..?#
......§......P#
...F.........##
.........F>...#
......[........#
.................
............P###.
............P#


You could see 4 blink frogs, a bullfrog and a friendly hound (summoned).

Vanquished Creatures
  A centaur warrior (D:11)
  3 two-headed ogres
  Pikel (D:7)
  2 ugly things (D:11)
  A black mamba (Lair:1)
  A rime drake (Lair:1)
  2 cane toads (Lair:1)
  2 komodo dragons
  2 unseen horrors (D:11)
  A troll (D:9)
  A polar bear (Lair:3)
  Grinder (D:4)
  Prince Ribbit (D:5)
  4 blink frogs (Lair:3)
  2 wyverns
  A shadow (D:10)
  A wraith (D:9)
  9 yaks
  6 water moccasins
  4 ice beasts
  7 orc warriors
  A sky beast (D:5)
  A hornet zombie (D:7)
  4 ogres
  3 black bears
  4 necrophages
  4 centaurs (D:11)
  A lemure (D:7)
  8 bullfrogs
  A kobold brigand (D:5)
  A gnoll sergeant (D:5)
  2 scorpions
  A wyvern skeleton (D:7)
  A water moccasin skeleton (D:4)
  5 killer bees (D:8)
  5 wights (D:8)
  3 electric eels (Lair:2)
  5 howler monkeys (D:8)
  2 bullfrog zombies (D:5)
  3 centaur zombies
  7 orc priests
  7 hounds
  A bullfrog skeleton (D:6)
  3 jellies (D:5)
  A gnoll shaman (D:10)
  A centaur skeleton (D:7)
  9 orc wizards
  2 hound zombies (D:5)
  A hound skeleton (D:4)
  2 howler monkey zombies (D:9)
  7 gnolls
  10 adders
  3 shadow imps
  A white imp (D:7)
  An adder skeleton (D:4)
  A worm (D:2)
  3 dart slugs
  30 orcs
  5 ball pythons
  12 bats
  5 endoplasms
  3 giant cockroaches
  4 hobgoblins
  12 jackals
  3 quokkas
  3 frilled lizards
  6 goblins
  6 kobolds
  2 rats
259 creatures vanquished.

Vanquished Creatures (collateral kills)
  A boulder beetle (D:11)
  Maurice (D:11)
  A centaur zombie (D:7)
  A komodo dragon (D:11)
  2 yaks (Lair:1)
  A wyvern (D:8)
  An acid dragon (D:11)
  An ogre (D:6)
  A howler monkey (D:8)
  An orc priest (D:11)
  7 orcs
  3 bats (Lair:1)
  A rat (D:2)
22 creatures vanquished.

Vanquished Creatures (others)
  A hydra (Lair:2)
  A blink frog (Lair:3)
  2 yaks (D:8)
  An orc warrior (D:11)
  An iguana (D:6)
  2 orcs
  A fungus (D:3)
  A plant (Lair:2)
10 creatures vanquished.

Grand Total: 291 creatures vanquished

Notes
Turn   | Place    | Note
-------+----------+-------------------------------------------
     0 | D:1      | Drazool the Demonspawn Gladiator began the quest for the
                  | Orb.
     0 | D:1      | Reached XP level 1. HP: 16/16 MP: 1/1
   438 | D:1      | Gained mutation: You regenerate a little health from kills.
                  | [demonic ancestry]
   438 | D:1      | Reached XP level 2. HP: 22/22 MP: 2/2
  1164 | D:2      | Found a sacrificial altar of Ru.
  1177 | D:2      | Became a worshipper of Ru the Awakened
  1229 | D:2      | Gained mutation: You regenerate health from kills. [demonic
                  | ancestry]
  1229 | D:2      | Reached XP level 3. HP: 24/28 MP: 3/3
  1748 | D:2      | Identified a scroll of acquirement
  1748 | D:2      | Acquired a +0 demon blade of venom
  1918 | D:3      | Gained mutation: Spells you cast may paralyse adjacent
                  | enemies. [demonic ancestry]
  1918 | D:3      | Reached XP level 4. HP: 33/34 MP: 4/4
  2139 | D:3      | Reached skill level 3 in Fighting
  2151 | D:3      | Gained mutation: You are slightly weak-willed. (Will-) [Ru
                  | sacrifice]
  2151 | D:3      | Reached * piety under Ru
  2318 | D:3      | Found a runed translucent door.
  2319 | D:3      | Noticed Crazy Yiuf
  2362 | D:4      | Noticed Grinder
  2369 | D:4      | Paralysed by Grinder for 2 turns
  2381 | D:4      | Killed Grinder
  2382 | D:4      | Gained mutation: You have a pair of small antennae on your
                  | head. [demonic ancestry]
  2382 | D:4      | Reached XP level 5. HP: 21/42 MP: 5/5
  2382 | D:4      | Reached XP level 6. HP: 25/48 MP: 6/6
  2567 | D:4      | Reached skill level 4 in Fighting
  2598 | D:4      | Found a staircase to the Ecumenical Temple.
  2736 | D:4      | Learned a level 1 spell: Summon Small Mammal
  3009 | D:4      | Reached XP level 7. HP: 45/55 MP: 7/7
  3024 | D:4      | Reached skill level 1 in Summonings
  3167 | D:4      | Reached skill level 5 in Fighting
  3295 | D:5      | Entered Level 5 of the Dungeon
  3427 | D:5      | Noticed Prince Ribbit
  3436 | D:5      | Killed Prince Ribbit
  3551 | D:5      | Reached skill level 6 in Fighting
  3554 | D:5      | Gained mutation: You are partially covered in slimy green
                  | scales. (AC +2) [demonic ancestry]
  3554 | D:5      | Reached XP level 8. HP: 64/64 MP: 8/8
  3918 | D:5      | Found a shadowy altar of Dithmenos.
  4125 | D:5      | Reached skill level 5 in Summonings
  4130 | D:5      | Reached skill level 7 in Fighting
  4717 | D:5      | Reached skill level 8 in Fighting
  4717 | D:5      | Reached XP level 9. HP: 70/74 MP: 5/9
  4814 | D:5      | Learned a level 2 spell: Call Imp
  5030 | D:6      | Gained mutation: You cannot drink potions while threatened.
                  | [Ru sacrifice]
  5030 | D:6      | Reached ** piety under Ru
  5196 | D:6      | Learned a level 3 spell: Call Canine Familiar
  6004 | D:7      | Found a sparkling altar of Nemelex Xobeh.
  6008 | D:7      | Found Ycade's Magic Scroll Shoppe.
  6015 | D:7      | Bought a scroll of acquirement for 572 gold pieces
  6015 | D:7      | Bought a scroll of identify for 22 gold pieces
  6040 | D:7      | Noticed Pikel
  6449 | D:7      | Reached skill level 5 in Long Blades
  6587 | D:7      | Reached skill level 5 in Dodging
  6666 | D:7      | Reached skill level 9 in Fighting
  6847 | D:7      | Killed Pikel
  6929 | D:7      | Gained mutation: You are sensitive to extremes of
                  | temperature. (rF-, rC-) [Ru sacrifice]
  6929 | D:7      | Reached *** piety under Ru
  6929 | D:7      | Reached **** piety under Ru
  6929 | D:7      | Reached ***** piety under Ru
  7348 | D:8      | Gained mutation: You are mostly covered in slimy green
                  | scales. (AC +3) [demonic ancestry]
  7348 | D:8      | Reached XP level 10. HP: 60/81 MP: 1/10
  7534 | D:8      | Noticed a two-headed ogre
  7540 | D:8      | Killed a two-headed ogre
  7866 | D:8      | Reached skill level 1 in Spellcasting
  7866 | D:8      | Reached skill level 1 in Evocations
  7896 | D:8      | Reached skill level 10 in Fighting
  8315 | D:9      | Learned a level 2 spell: Blink
  8390 | D:9      | Found an ornate altar of the Wu Jian Council.
  8412 | D:9      | Reached skill level 1 in Translocations
  8739 | D:9      | Gained mutation: You are somewhat unskilled. (-1 Apt) [Ru
                  | sacrifice]
  8739 | D:9      | Reduced skill Fighting to level 9
  8739 | D:9      | Reduced skill Dodging to level 5
  8739 | D:9      | Reached ****** piety under Ru
  8918 | D:9      | Noticed a two-headed ogre
  8927 | D:9      | Killed a two-headed ogre
  9212 | D:10     | Entered Level 10 of the Dungeon
  9283 | D:10     | Found Hyisysk's Changing Room.
  9489 | D:10     | Gained mutation: You regenerate a lot of health from kills.
                  | [demonic ancestry]
  9489 | D:10     | Reached XP level 11. HP: 51/89 MP: 12/15
 10216 | D:11     | Noticed Maurice
 10224 | D:11     | Killed Maurice
 10516 | D:11     | Noticed a centaur warrior
 10539 | D:11     | Killed a centaur warrior
 10719 | D:11     | Found a runed translucent door.
 10719 | D:11     | Noticed an angel
 10725 | D:11     | Noticed a boulder beetle
 10751 | D:11     | Killed a boulder beetle
 10937 | D:11     | Found a staircase to the Orcish Mines.
 11079 | D:11     | Noticed a purple ugly thing
 11099 | D:11     | Killed a purple ugly thing
 11273 | D:11     | Noticed a green ugly thing
 11291 | D:11     | Killed a green ugly thing
 11301 | D:11     | Reached skill level 10 in Fighting
 11564 | D:11     | Found a staircase to the Lair.
 11696 | D:11     | Noticed a two-headed ogre
 11842 | D:11     | Killed a two-headed ogre
 12106 | Lair:1   | Entered Level 1 of the Lair of Beasts
 12241 | Lair:1   | Reached skill level 5 in Translocations
 12808 | Lair:1   | Acquired a +3 triple sword of electrocution
 12810 | Lair:1   | Acquired 1061 gold pieces
 13011 | D:7      | Bought a scroll of acquirement for 572 gold pieces
 13011 | D:7      | Acquired 972 gold pieces
 13087 | D:10     | Bought the +11 plutonium sword {*Contam Stlth-} for 1400
                  | gold pieces
 13087 | D:10     | Found the +11 plutonium sword {*Contam Stlth-}
 13945 | Lair:2   | Noticed a seven-headed hydra
 13951 | Lair:2   | Killed a five-headed hydra
 14057 | Lair:2   | Gained mutation: You are completely covered in slimy green
                  | scales. (AC +4, rPois) [demonic ancestry]
 14057 | Lair:2   | Reached XP level 12. HP: 82/97 MP: 15/18
 14923 | Lair:3   | Noticed a four-headed hydra
 14940 | Lair:3   | Slain by a blink frog

Illustrated notes

Levels and vault maps discovered:
D:1:      dpeg_arrival_round_c, layout_basic
D:2:      layout_loops_cross, hangedman_ru_absence
D:3:      layout_rooms, uniq_crazy_yiuf_cottage
D:4:      layout_loops_ring, minmay_temple_entry_statues_pillars,
          nrook_mini_backslash, uniq_grinder
D:5:      minmay_polygon_palace, layout_loops_ring, lemuel_round_altar,
          chequers_serial_rivers_small_a, uniq_prince_ribbit1
D:6:      layout_gridville
D:7:      layout_gridville, kennysheep_mini_moat,
          nemelex_xobeh_ov_fountains_minmay, serial_shops,
          nicolae_shop_statue_plus, uniq_pikel
D:8:      layout_loops_ring, lemuel_old_faithful
D:9:      layout_cave_pods, nicolae_overflow_crystal_walls
D:10:     layout_loops_cross, nicolae_transmutations_shop
D:11:     layout_roguey, lair_entry_dummy, david_orc_5, minmay_strange_pillars,
          lemuel_angel_altar, uniq_maurice
Lair:1:   layout_layer_cave, roderic_batcave
Lair:2:   layout_gridlike, minivault_26, st_stairs_11, serial_bayou_shore_a,
          lemuel_fruit_fields, infiniplex_staircase_pool, serial_bayou_shore_b
Lair:3:   layout_cave_pods, spider_nest_entry_funnel_web,
          grunt_forest_small_clearing_treed

Skill      XL: |  1  2  3  4  5  6  7  8  9 10 11 12 |
---------------+-------------------------------------+-----
Long Blades    | 3 4 6 6 7 |  7.1
Dodging        | 3 4 5 5 |  5.6
Fighting       | 3 4 6 8 9 9 10 | 10.1
Summonings     | 3 6 7 6 |  6.5
Spellcasting   | 2 4 |  4.2
Evocations     | 3 4 |  4.5
Translocations | 2 6 7 |  7.8
Throwing       | |  1.5

Action                   |  1- 3 |  4- 6 |  7- 9 | 10-12 || total
-------------------------+-------+-------+-------+-------++-------
Melee: Long sword        |   120 |       |       |       ||   120
       Demon blade       |     4 |    76 |   245 |   391 ||   716
       Triple sword      |       |       |       |    37 ||    37
Throw: Boomerang         |       |     4 |    13 |       ||    17
       Throwing net      |       |     3 |     1 |     1 ||     5
 Cast: Summon Small Mamm |       |       |    31 |     7 ||    38
       Call Imp          |       |       |    21 |    15 ||    36
       Call Canine Famil |       |       |     7 |    54 ||    61
Invok: Sacrifice Essence |       |     1 |       |       ||     1
       Power Leap        |       |       |     1 |     3 ||     4
       Sacrifice Drink   |       |       |     1 |       ||     1
       Sacrifice Resista |       |       |     1 |       ||     1
       Sacrifice Skill   |       |       |       |     1 ||     1
Evoke: Wand              |       |       |     1 |     5 ||     6
  Use: Scroll            |     5 |     6 |     9 |     6 ||    26
       Potion            |       |     1 |       |     3 ||     4
 Stab: Sleeping          |     3 |     1 |     1 |     2 ||     7
       Paralysed         |       |       |    28 |    55 ||    83
       Invisible         |       |       |     1 |     5 ||     6
       Distracted        |       |       |       |     4 ||     4
       Held in net/web   |       |       |       |     2 ||     2
Armor: Leather armour    |    36 |    28 |    73 |    34 ||   171
       Acid dragon scale |       |       |       |    95 ||    95
Dodge: Dodged            |    82 |    45 |   162 |   287 ||   576
       Rpst.: Long sword |    24 |       |       |       ||    24
       Demon blade       |     1 |    10 |    39 |    48 ||    98
       Triple sword      |       |       |       |     7 ||     7

Table legend: (Time is in decaauts)
 A = Elapsed time spent in this place.
 B = Non-inter-level travel time spent in this place.
 C = Inter-level travel time spent in this place.
 D = Time resting spent in this place.
 E = Time spent auto-exploring this place.
 F = Levels seen in this place.
 G = Mean time per level.
                   A        B        C        D        E       F      G
               +--------+--------+--------+--------+--------+-----+--------+
         Total |  15017 |  14301 |    716 |   1264 |  10446 |  14 | 1072.6 |
       Dungeon |  12386 |  11800 |    586 |    872 |   8696 |  11 | 1126.0 |
          Lair |   2631 |   2502 |    129 |    392 |   1749 |   3 |  877.0 |
               +--------+--------+--------+--------+--------+-----+--------+

Top non-repeatable levels by time:
    D:11: 2100 daAuts
  Lair:1: 1608 daAuts
     D:7: 1456 daAuts
     D:5: 1396 daAuts
     D:8: 1091 daAuts
     D:4: 1083 daAuts
     D:1: 1037 daAuts
     D:9: 1031 daAuts
     D:6: 932 daAuts
    D:10: 904 daAuts
     D:2: 893 daAuts
  Lair:2: 888 daAuts
     D:3: 457 daAuts
  Lair:3: 134 daAuts
